 Dungeon Crawl Stone Soup version 0.27-a0-1612-gde56a17b89 (webtiles) character file.

Game seed: 17533803976724617529

69 pokeman the Magician (level 4, -2/25 HPs)
             Began as a Deep Elf Hedge Wizard on July 21, 2021.
             Shot with a sling bullet by a goblin (5 damage)
             ... on level 3 of the Dungeon.
             The game lasted 00:03:17 (2289 turns).

pokeman the Magician (Deep Elf Hedge Wizard)        Turns: 2289, Time: 00:03:17

Health: -2/25      AC:  3    Str:  7    XL:     4   Next: 2%
Magic:  9/22       EV: 12    Int: 20    God:
Gold:   83         SH:  0    Dex: 14    Spells: 3/14 levels left

rFire    . . .     SeeInvis .   a - +0 dagger
rCold    . . .     Faith    .   (no shield)
rNeg     . . .     Spirit   .   n - +0 leather armour
rPois    .         Reflect  .   c - +0 hat
rElec    .         Harm     .   (no cloak)
rCorr    .         Rampage  .   (no gloves)
Will     .....                  (no boots)
Stlth    ++........             (no amulet)
HPRegen  0.08/turn              k - ring of magical power
MPRegen  0.18/turn              l - ring of wizardry

@: no status effects
A: no striking features
a: no special abilities


You were on level 3 of the Dungeon.
You visited 1 branch of the dungeon, and saw 3 of its levels.

You collected 83 gold pieces.

Inventory:

Hand Weapons
 a - a +0 dagger (weapon)
Armour
 c - a +0 hat (worn)
 e - a +0 buckler
 n - a +0 leather armour (worn)
Jewellery
 k - a ring of magical power (left hand)
 l - a ring of wizardry (right hand)
Scrolls
 b - a scroll of amnesia {unknown}
 d - a scroll of summoning {unknown}
 g - a scroll of teleportation {unknown}
 h - 3 scrolls of identify {unknown}
 o - a scroll of enchant weapon {unknown}
Potions
 f - a potion of curing {unknown}
 i - a potion of lignification {unknown}
 j - 2 potions of heal wounds {unknown}
 m - a potion of might {unknown}


   Skills:
 - Level 1.0 Fighting
 - Level 1.0 Armour
 + Level 2.5 Dodging
 - Level 2.4 Stealth
 + Level 0.1 Shields
 * Level 5.5 Spellcasting
 + Level 2.1 Conjurations
 - Level 1.1 Summonings
 - Level 1.1 Translocations


You had 3 spell levels left.
You knew the following spells:

 Your Spells              Type           Power      Damage    Failure   Level
a - Magic Dart            Conj           56%        1d5       2%          1
b - Mephitic Cloud        Conj/Pois/Air  8%         N/A       14%         3
c - Call Imp              Summ           9%         N/A       6%          2
d - Blink                 Tloc           N/A        N/A       6%          2
e - Conjure Flame         Conj/Fire      9%         6-21      12%         3

Your spell library contained the following spells:

 Spells                   Type           Power      Damage    Failure   Level
 Slow                     Hex            5%         N/A       10%         2


Dungeon Overview and Level Annotations

Branches:
Dungeon (3/15)

Altars:


Message History

The magic dart hits the endoplasm but does no damage.
The endoplasm is severely wounded.
A hobgoblin comes into view.
The endoplasm barely misses you.
Casting: Magic Dart (safe; 2% risk of failure)
Confirm with . or Enter, or press ? or * to list all spells.
Aiming: Magic Dart (safe; 2% risk of failure)
Press: ? - help, Shift-Dir - straight line, f/p - endoplasm
Aim: an endoplasm (severely wounded, 100% to hit)
The magic dart hits the endoplasm.
The endoplasm is almost dead.
The endoplasm freezes you.
You are frozen.
* * * LOW HITPOINT WARNING * * *
Casting: Magic Dart (safe; 2% risk of failure)
Confirm with . or Enter, or press ? or * to list all spells.
Aiming: Magic Dart (safe; 2% risk of failure)
Press: ? - help, Shift-Dir - straight line, f/p - endoplasm
Aim: an endoplasm (almost dead, 100% to hit)
The magic dart hits the endoplasm.
You kill the endoplasm!
Unknown command.
Things that are here:
a +0 whip; a gnoll corpse
Casting: Magic Dart (safe; 2% risk of failure)
Confirm with . or Enter, or press ? or * to list all spells.
The spell is quite dangerous to cast (14% risk of failure)!
Continue anyway?
Aiming: Mephitic Cloud (quite dangerous; 14% risk of failure)
Press: ? - help, Shift-Dir - straight line, f - gnoll
Aim: a gnoll, wielding a +0 halberd (lightly wounded, confused, chance to affect: 91%)
The ball explodes into a vile cloud!
The stinking cloud engulfs the gnoll but does no damage.
The gnoll is lightly wounded.
The gnoll is engulfed in noxious fumes.
The gnoll appears confused.
Unknown command.
A goblin comes into view. It is wielding a +1 dagger of venom.
The goblin unwields a +1 dagger of venom.
It stops dripping with poison.
The goblin wields a +0 hunting sling.
The goblin shoots a sling bullet.
The sling bullet hits you.
You die...

####........#
##.......)...##
#.............##
.......).(.....######.
......................
...............######
.............g.#
.......<.....g.#
..........@....### <
#..............g.####....
##†....#.....###.........
############# #####.....
... .


You could see a gnoll (confused), a hobgoblin and a goblin.

Vanquished Creatures
  2 gnolls (D:3)
  2 worms (D:2)
  A dart slug (D:1)
  An orc (D:3)
  5 ball pythons
  5 endoplasms
  A giant cockroach (D:1)
  5 goblins
  2 hobgoblins (D:1)
  4 jackals (D:1)
  5 kobolds
  A quokka (D:2)
  A bat (D:1)
  2 frilled lizards (D:2)
  3 rats
40 creatures vanquished.

Vanquished Creatures (others)
  A dart slug (D:3)
  A hobgoblin (D:3)
  A ball python (D:3)
  A goblin (D:3)
  A rat (D:3)
5 creatures vanquished.

Grand Total: 45 creatures vanquished

Notes
Turn   | Place    | Note
-------+----------+-------------------------------------------
     0 | D:1      | pokeman the Deep Elf Hedge Wizard began the quest for the
                  | Orb.
     0 | D:1      | Reached XP level 1. HP: 10/10 MP: 7/7
   351 | D:1      | Reached XP level 2. HP: 15/15 MP: 6/9
  1207 | D:1      | Found a faded altar of an unknown god.
  1214 | D:1      | Reached skill level 5 in Spellcasting
  1650 | D:2      | Reached XP level 3. HP: 20/20 MP: 11/11
  1654 | D:2      | Learned a level 3 spell: Mephitic Cloud
  1657 | D:2      | Learned a level 2 spell: Call Imp
  1661 | D:2      | Learned a level 2 spell: Blink
  1665 | D:2      | Learned a level 3 spell: Conjure Flame
  2109 | D:3      | Reached skill level 1 in Fighting
  2241 | D:3      | Reached skill level 1 in Armour
  2277 | D:3      | Reached XP level 4. HP: 11/25 MP: 13/13
  2289 | D:3      | Shot with a sling bullet by a goblin

Illustrated notes

Levels and vault maps discovered:
D:1:      elethiomel_arrival_shortcut, layout_loops_corners,
          dreamdust_ecumenical_altar_angels_and_demons
D:2:      layout_rooms, kennysheep_generic_room_10
D:3:      kennysheep_goblin_castle, layout_rooms, xom_confusion_cloud,
          elyvilon_altar_3, uniq_robin

Skill      XL: |  1  2  3 |
---------------+----------+-----
Spellcasting   | 5 |  5.5
Fighting       | 1 |  1.0
Armour         | 1 |  1.0
Conjurations   | 2 |  2.1
Dodging        | |  2.5
Stealth        | |  2.4
Shields        | |  0.1
Summonings     | |  1.1
Translocations | |  1.1

Action                   |  1- 3 |  4- 6 || total
-------------------------+-------+-------++-------
Melee: Dagger            |     1 |     1 ||     2
 Cast: Magic Dart        |   118 |     4 ||   122
       Mephitic Cloud    |     1 |     1 ||     2
       Conjure Flame     |     1 |       ||     1
Armor: Robe              |     1 |       ||     1
Dodge: Dodged            |     6 |     1 ||     7

Table legend: (Time is in decaauts)
 A = Elapsed time spent in this place.
 B = Non-inter-level travel time spent in this place.
 C = Inter-level travel time spent in this place.
 D = Time resting spent in this place.
 E = Time spent auto-exploring this place.
 F = Levels seen in this place.
 G = Mean time per level.
                   A        B        C        D        E       F      G
               +--------+--------+--------+--------+--------+-----+--------+
         Total |   2288 |   2212 |     76 |    156 |   1779 |   3 |  762.7 |
       Dungeon |   2288 |   2212 |     76 |    156 |   1779 |   3 |  762.7 |
               +--------+--------+--------+--------+--------+-----+--------+

Top non-repeatable levels by time:
     D:1: 1434 daAuts
     D:2: 669 daAuts
     D:3: 184 daAuts
